 Dungeon Crawl Stone Soup version 0.31-a0-14-gc80a10f4b6 (webtiles) character file.

Game seed: 3208526523752623312

56 sampeng1 the Chopper (level 4, -6/35 HPs)
             Began as a Human Berserker on May 7, 2023.
             Was a Believer of Trog.
             Mangled by Crazy Yiuf
             ... wielding a +4 quarterstaff of chaos
              (12 damage)
             ... on level 2 of the Dungeon.
             The game lasted 00:07:10 (1808 turns).

sampeng1 the Chopper (Human Berserker)              Turns: 1808, Time: 00:07:11

Health: -6/35      AC:  7    Str: 19    XL:     4   Next: 15%
Magic:  4/4        EV: 11    Int:  7    God:    Trog [**....]
Gold:   57         SH:  0    Dex: 13    Spells: 3/3 levels left

rFire   + . .        a - +0 hand axe
rCold   . . .        (no shield)
rNeg    . . .        g - +0 ring mail
rPois   .            i - +1 helmet
rElec   .            (no cloak)
rCorr   .            (no gloves)
SInv    .            (no boots)
Will    .....        (no amulet)
Stlth   +            f - ring of protection from fire
HPRegen 0.25/turn    (no ring)
MPRegen 0.09/turn

%: no passive effects
@: no status effects
A: no striking features
a: Renounce Religion, Berserk, Trog's Hand


You were on level 2 of the Dungeon.
You worshipped Trog.
Trog was pleased with you.
You visited 1 branch of the dungeon, and saw 2 of its levels.

You collected 120 gold pieces.
You spent 63 gold pieces at shops.

Inventory:

Hand Weapons
 a - a +0 hand axe (weapon)
Missiles
 c - 11 poisoned darts (quivered)
Armour
 g - a +0 ring mail (worn)
 i - a +1 helmet (worn)
Jewellery
 f - a ring of protection from fire (left hand)
Potions
 b - a potion of mutation {unknown}
 d - a potion of berserk rage {unknown}
 e - a potion of degeneration {unknown}
 h - a potion of magic {unknown}


   Skills:
 + Level 3.5 Fighting
 + Level 3.5 Axes
 + Level 2.6 Armour
 + Level 2.6 Dodging


You had 3 spell levels left.
You didn't know any spells.
Your spell library was empty.

Dungeon Overview and Level Annotations

Branches:
Dungeon (2/15)

Altars:

Shops:
D:1 [   D:2 !

Annotations:
D:2 Crazy Yiuf


Message History

The endoplasm quivers.
The kobold throws a stone.
The stone hits you but does no damage.
You slash the kobold!
You kill the kobold!
Trog accepts your kill.
Things that are here:
a +0 club; 5 stones The endoplasm freezes you.
You are frozen.
You barely miss the endoplasm. The endoplasm freezes you.
You are frozen.
You hit the endoplasm.
The endoplasm is almost dead.
The endoplasm barely misses you.
You hit the endoplasm.
You kill the endoplasm!
Trog accepts your kill.
Things that are here:
a +0 club; 5 stones You enter the shallow water.
Moving in this stuff is going to be slow.
You enter the shallow water.
Moving in this stuff is going to be slow.
h - a smoky white potion
Found a stone staircase leading up.
There is a stone staircase leading up here.
Found a hammer.
Found a runed translucent door.
Crazy Yiuf shouts!
You open the door. You closely miss Crazy Yiuf.
Crazy Yiuf hits you with a +4 quarterstaff of chaos!
You hit Crazy Yiuf but do no damage. Crazy Yiuf barely misses you.
You hit Crazy Yiuf but do no damage.
Crazy Yiuf hits you with a +4 quarterstaff of chaos.
You closely miss Crazy Yiuf.
Crazy Yiuf hits you with a +4 quarterstaff of chaos!
* * * LOW HITPOINT WARNING * * *
You are electrocuted!
You die...

######.# #.# #.# #
....).># #.# #.# #
######## #.# #.# # #
### ### # # # #
####### # ###
♣♣##.....### # #)..#♣♣
♣♣.#.........
##########
#...g@♣♣♣♣......##.##.
.........#
#...#♣..♣......###.##.
########.# ###
♣♣♣.♣..#......... #
### ♣♣♣♣♣##.###.##.
#.# #.##. ###.###.##.
...........
###########


You could see Crazy Yiuf.

Vanquished Creatures
  2 adders (D:2)
  A dart slug (D:2)
  2 bats (D:2)
  An endoplasm (D:2)
  3 goblins
  4 hobgoblins
  3 jackals (D:1)
  2 quokkas (D:1)
  6 ball pythons
  8 frilled lizards
  4 kobolds
  2 rats
38 creatures vanquished.

Notes
Turn   | Place    | Note
-------+----------+-------------------------------------------
     0 | D:1      | sampeng1 the Human Berserker began the quest for the Orb.
     0 | D:1      | Reached XP level 1. HP: 18/18 MP: 1/1
   296 | D:1      | Reached XP level 2. HP: 18/24 MP: 2/2
   322 | D:1      | Found a faded altar of an unknown god.
   632 | D:1      | Reached XP level 3. HP: 22/29 MP: 3/3
   861 | D:1      | Found Ruiresh's Armour Boutique.
   866 | D:1      | Bought a +0 helmet for 63 gold pieces
  1020 | D:2      | Found Meots's Distillery.
  1041 | D:2      | Upgraded the game from 0.31-a0-8-gd14b0f4ee2 to
                  | 0.31-a0-14-gc80a10f4b6
  1065 | D:2      | Reached ** piety under Trog
  1666 | D:2      | Reached XP level 4. HP: 35/35 MP: 4/4
  1800 | D:2      | Found a runed translucent door.
  1801 | D:2      | Noticed Crazy Yiuf
  1808 | D:2      | Mangled by Crazy Yiuf

Illustrated notes

Levels and vault maps discovered:
D:1:      nzn_arrival_crosshair, layout_loops_cross, serial_shops, shop,
          basic_ecumenical_altar
D:2:      layout_loops_ring, serial_shops, nicolae_shop_getting_attention,
          chequers_serial_rivers_small_3, nicolae_eternal_life, minmay_unequal,
          uniq_crazy_yiuf_cottage

Action                     |  1- 3 |  4- 6 || total
---------------------------+-------+-------++-------
  Melee: Hand axe          |   141 |     8 ||   149
         Punch             |     1 |       ||     1
    Use: Potion            |     4 |       ||     4
         Scroll            |     5 |       ||     5
   Stab: Invisible         |     1 |       ||     1
 Armour: Animal skin       |    16 |       ||    16
         Ring mail         |    23 |     3 ||    26
         Leather armour    |     1 |       ||     1
  Dodge: Dodged            |   102 |     2 ||   104

Table legend: (Time is in decaauts)
 A = Elapsed time spent in this place.
 B = Non-inter-level travel time spent in this place.
 C = Inter-level travel time spent in this place.
 D = Time resting spent in this place.
 E = Time spent auto-exploring this place.
 F = Levels seen in this place.
 G = Mean time per level.
                   A        B        C        D        E       F      G
               +--------+--------+--------+--------+--------+-----+--------+
         Total |   1829 |   1802 |     27 |     49 |   1142 |   2 |  914.5 |
       Dungeon |   1829 |   1802 |     27 |     49 |   1142 |   2 |  914.5 |
               +--------+--------+--------+--------+--------+-----+--------+

Top non-repeatable levels by time:
     D:1: 1030 daAuts
     D:2: 799 daAuts
